AoeStats
← kaanve

Nomad

510162504Analyzed
3v3 RM · 1d ago on Sep 29, 2026· 40m 44s· 6 players
Game mode
Random Map
Map size
210×210
Population
200
Speed
Normal
Resources
Standard
Victory
Conquest
Starting age
Dark Age
Ending age
Imperial Age
RankedLock teamsTeams togetherTeam positionsShared explorationLock speedFull tech treeHidden civsTurbo modeCheats
Victory
Defeat
🇹🇷 Danes · Türkiye
1167
+17
🇩🇪 Varangians · Germany
1159
+17
🇹🇷 Huns · Türkiye
1144
+18
🇹🇷 Dravidians · Türkiye
1196
-18
🇪🇪 Aztecs · Estonia
1189
-17
🇺🇸 Saxons · United States
1170
-17
Roy
14:01 Feudal Age
15:17 Double-Bit Axe
18:14 Loom
kaanve
3:11 Loom
13:12 Feudal Age
14:19 Double-Bit Axe
15:24 Bloodlines
19:56 Castle Age
19:11 Forging
20:00 Scale Barding Armor
21:46 Husbandry
25:33 Fishing Lines
26:10 Horse Collar
29:07 Gillnets
29:37 Gold Mining
32:49 Imperial Age
31:46 Heavy Plow
32:53 Cavalier
33:55 Conscription
35:30 Iron Casting
35:58 Chain Barding Armor
37:10 Marauders
36:50 Elite Tarkan
38:21 Wheelbarrow
40:45 Plate Barding Armor
Vuki
4:44 Loom
12:47 Feudal Age
13:24 Double-Bit Axe
13:37 Fishing Lines
15:16 Horse Collar
20:50 Castle Age
18:59 Gold Mining
19:51 Fletching
20:44 Padded Archer Armor
20:29 Man-at-Arms
23:28 Gillnets
24:00 Bow Saw
25:34 Wheelbarrow
25:25 Bodkin Arrow
26:53 Fervor
27:07 Leather Archer Armor
27:21 Town Watch
28:17 Hand Cart
28:43 Heavy Plow
29:25 Gold Shaft Mining
30:47 Long Swordsman
32:04 Forging
31:55 Scale Mail Armor
33:26 Iron Casting
33:20 Squires
33:06 Gambesons
34:38 Chain Mail Armor
36:04 Town Patrol
36:31 Arson
39:29 Imperial Age
37:35 Hamask
38:59 Stone Mining
39:33 Two-Handed Swordsman
41:23 Blast Furnace
40:54 Plate Mail Armor
40:37 Champion
Senex
12:15 Feudal Age
12:08 Loom
19:27 Castle Age
19:43 Double-Bit Axe
19:55 Gold Mining
20:57 Medium Warships
21:17 Eagle Warrior
23:34 Forging
24:49 Scale Mail Armor
32:34 Iron Casting
33:49 Man-at-Arms
34:15 Gambesons
35:13 Chain Mail Armor
35:54 Pikeman
36:36 Squires
36:35 Long Swordsman
40:32 Wheelbarrow
rambo
3:15 Loom
15:37 Feudal Age
16:38 Double-Bit Axe
19:49 Castle Age
19:13 Gold Mining
20:07 Scale Mail Armor
20:18 Forging
20:44 Bow Saw
22:52 Gold Shaft Mining
34:46 Pikeman
38:35 Bloodlines
39:47 Horse Collar
ConcernedApe
12:24 Loom
15:12 Feudal Age
15:54 Double-Bit Axe
Connection lost

Rejoining the realm…

Still unreachable

The connection could not be restored.

Session expired

The server has moved on; the page needs a fresh start.